 Dungeon Crawl Stone Soup version 0.18-a0-1797-gc18daef (webtiles) character file.

1210 Chiseanne the Skirmisher (level 8, -2/70 (71) HPs)
             Began as a Ghoul Gladiator on Apr 22, 2016.
             Was a Follower of Qazlal.
             Slain by a centaur (3 damage)
             ... on level 5 of the Dungeon.
             The game lasted 00:18:43 (3475 turns).

Chiseanne the Skirmisher (Ghoul Gladiator)          Turns: 3475, Time: 00:18:43

HP:   -2/70 (71)    AC:  9    Str: 17 (19) XL:     8   Next: 45%
MP:   7/7           EV: 10    Int:  1 (3)  God:    Qazlal [*.....]
Gold: 139           SH:  1    Dex:  2 (11) Spells: 0 memorised, 7 levels left

rFire  . . .     SeeInvis .     a - +1 quarterstaff
rCold  + . .     Gourm    .     e - +0 ring mail
rNeg   + + +     Faith    +     (shield currently unavailable)
rPois  ∞         Spirit   .     c - +1 helmet
rElec  .         Dismiss  .     r - +0 cloak
rCorr  .         Reflect  .     (no gloves)
SustAt .         Harm     .     (no boots)
MR     .....                    q - amulet of faith
Stlth  ..........               (no ring)
                                (no ring)

@: rotting, not resistant to hostile enchantments, extremely unstealthy
A: rotting body, claws 1, carnivore 3, cold resistance 1, negative energy
resistance 3, slow regeneration 1, torment resistance, unbreathing
a: Renounce Religion


You were on level 5 of the Dungeon.
You worshipped Qazlal.
Qazlal was aware of your devotion.
You were not hungry.

You visited 1 branch of the dungeon, and saw 5 of its levels.

You collected 197 gold pieces.
You spent 58 gold pieces at shops.

Inventory:

Hand Weapons
 a - a +1 quarterstaff (weapon)
 p - a cursed -3 morningstar
Missiles
 d - 2 throwing nets (quivered) {!*}
 g - 5 bolts
 h - 136 stones
 i - 100 arrows
 n - 25 sling bullets
 t - 7 tomahawks
Armour
 c - a +1 helmet (worn)
 e - a +0 ring mail (worn)
 j - a +2 leather armour of poison resistance
 r - a +0 cloak (worn)
Jewellery
 q - an amulet of faith (around neck)
Wands
 s - a wand of enslavement (12/24)
Scrolls
 k - a scroll of fog
 m - 2 scrolls of identify
Comestibles
 f - a meat ration
 o - a beef jerky


   Skills:
 * Level 6.5 Fighting
 - Level 2.6 Staves
 + Level 3.5 Throwing
 * Level 4.3 Armour
 * Level 5.5 Dodging


You had 7 spell levels left.
You didn't know any spells.

Dungeon Overview and Level Annotations

Branches:
Dungeon (5/15)
 Temple: D:4-7

Altars:
Makhleb
Okawaru
Pakellas
Qazlal
Vehumet
Yredelemnul
Zin

Shops:
D:5 [


Innate Abilities, Weirdness & Mutations

Your body is rotting away.
You thrive on raw meat.
You are immune to poison.
You have sharp fingernails.
You are carnivorous and can eat meat at any time.
Your flesh is cold resistant.
You are immune to negative energy.
You regenerate slowly when monsters are visible.
You are immune to unholy pain and torment.
You can survive without breathing.


Message History

* * * LOW HITPOINT WARNING * * *
The centaur barely misses you.
You barely miss the centaur. The centaur hits you.
* * * LOW HITPOINT WARNING * * *
You barely miss the centaur. The centaur hits you.
* * * LOW HITPOINT WARNING * * *
The centaur hits you.
* * * LOW HITPOINT WARNING * * *
You sock the centaur!
The centaur is heavily wounded.
The centaur barely misses you. x2
You closely miss the centaur.
The centaur is moderately wounded.
The centaur hits you!
* * * LOW HITPOINT WARNING * * *
You barely miss the centaur.
The centaur is moderately wounded.
The centaur hits you but does no damage.
The centaur hits you.
You die...

#.# #.# ## #.# . #.#
#### #.#.####### #.>
####.#.##....###.#
#....c§........#.#####.
#.#@((............#.
####.##...........
#.##.#.#.......
#......##.....#
###...###....## ......
#..### .......#.)####
...... #...... #.#####


You could see a centaur.

Vanquished Creatures
  5 ogres
  A phantom (D:5)
  A centaur (D:5)
  A giant frog (D:3)
  2 scorpions (D:4)
  A crimson imp (D:5)
  A jelly (D:5)
  A quasit (D:5)
  3 hounds
  A centaur skeleton (D:5)
  3 orc wizards
  A worker ant (D:4)
  6 adders
  An adder skeleton (D:4)
  2 worms
  3 dart slugs
  2 giant geckos
  15 orcs
  A ball python (D:4)
  5 bats
  2 giant cockroaches
  6 goblins
  12 hobgoblins
  4 kobolds
  A quokka (D:3)
  2 giant newts
  A quokka skeleton (D:4)
  6 rats
90 creatures vanquished.

Vanquished Creatures (others)
  A very ugly thing (D:4)
  A goblin (D:1)
2 creatures vanquished.

Grand Total: 92 creatures vanquished

Notes
Turn   | Place    | Note
--------------------------------------------------------------
     0 | D:1      | Chiseanne the Ghoul Gladiator began the quest for the Orb.
     0 | D:1      | Reached XP level 1. HP: 17/17 MP: 0/0
   168 | D:1      | Reached XP level 2. HP: 25/25 MP: 1/1
   811 | D:2      | Reached skill level 1 in Armour
   811 | D:2      | Reached XP level 3. HP: 17/30 MP: 2/2
  1015 | D:2      | Reached skill level 3 in Fighting
  1189 | D:3      | Reached XP level 4. HP: 30/38 MP: 3/3
  1292 | D:3      | Found a radiant altar of Vehumet.
  1406 | D:3      | Reached XP level 5. HP: 43/45 MP: 4/4
  1568 | D:3      | Reached skill level 4 in Fighting
  1642 | D:3      | Found a stormy altar of Qazlal.
  1649 | D:3      | Became a worshipper of Qazlal Stormbringer
  1707 | D:3      | Reached XP level 6. HP: 51/52 MP: 5/5
  2284 | D:4      | Reached skill level 5 in Fighting
  2284 | D:4      | Reached XP level 7. HP: 59/60 MP: 6/6
  2388 | D:4      | Reached * piety under Qazlal
  2561 | D:4      | Reached skill level 5 in Dodging
  2768 | D:4      | Found an oddly glowing altar of Pakellas.
  2769 | D:4      | Noticed a red very ugly thing
  2780 | D:4      | Killed a red very ugly thing
  2809 | D:4      | Reached XP level 8. HP: 67/70 MP: 7/7
  2833 | D:4      | Found an oddly glowing altar of Pakellas.
  2926 | D:5      | Entered Level 5 of the Dungeon
  2941 | D:5      | Found a glowing silver altar of Zin.
  2941 | D:5      | Noticed an angel
  2973 | D:5      | Reached skill level 6 in Fighting
  2990 | D:5      | Lost intelligence.
  3093 | D:5      | Found a burning altar of Makhleb.
  3103 | D:5      | Found a basalt altar of Yredelemnul.
  3110 | D:5      | Found an iron altar of Okawaru.
  3139 | D:5      | Found Qiczi's Armour Emporium.
  3145 | D:5      | Bought a +0 cloak for 58 gold pieces
  3316 | D:5      | HP: 1/71 [centaur skeleton (4)]
  3474 | D:5      | HP: 1/70 [centaur (7)]
  3475 | D:5      | Slain by a centaur

Vault maps used:
D:1:      erik_arrival_triangle_medium
D:2:      first_bread, hex_tiny, minmay_misc_feat_cross
D:3:      vehumet_crystals, grunt_qazlal_clouds
D:4:      lemuel_crystal_altar, gammafunk_pakellas_spire_experiment
D:5:      zin_angel, kennysheep_mini, nicolae_overflow_quartered_altars,
          portal_sewer_entry_b, serial_shops, shop, kennysheep_path_1,
          grunt_dithmenos_shadows

Skill      XL: |  1  2  3  4  5  6  7  8 |
---------------+-------------------------+-----
Throwing       | 2 3 |  3.5
Dodging        | 3 4 5 |  5.5
Armour         | 1 2 3 4 |  4.3
Fighting       | 3 4 5 6 |  6.5
Staves         | |  2.6

Action                   |  1- 3 |  4- 6 |  7- 9 || total
-------------------------+-------+-------+-------++-------
Melee: Quarterstaff      |   118 |   148 |   136 ||   402
Throw: Tomahawk          |       |       |     2 ||     2
       Throwing net      |       |       |     1 ||     1
  Use: Potion            |     4 |     1 |     5 ||    10
       Scroll            |     3 |     6 |     1 ||    10
  Eat: Chunk             |    13 |    19 |    11 ||    43
Armor: Leather armour    |     5 |       |       ||     5
       Ring mail         |    39 |    55 |   100 ||   194
Dodge: Dodged            |    99 |    95 |   137 ||   331
Block: Other             |       |       |     7 ||     7
